 Dungeon Crawl Stone Soup version 0.32-a0-18-g89e19f1974 (webtiles) character file.

Game seed: 10101850893932927075

105 mightbedylan the Shooter (level 5, -13/30 HPs)
             Began as a Kobold Hexslinger on Jan 16, 2024.
             Killed by divine providence
             ... invoked by an orc priest
              (17 damage)
             ... on level 3 of the Dungeon.
             The game lasted 00:11:30 (2150 turns).

mightbedylan the Shooter (Kobold Hexslinger)        Turns: 2150, Time: 00:11:30

Health: -13/30     AC:  2    Str:  6    XL:     5   Next: 8%
Magic:  5/8        EV: 15    Int: 16    God:
Gold:   122        SH:  0    Dex: 17    Spells: 6/8 levels left

rFire   . . .        a - +1 sling
rCold   . . .        (no shield)
rNeg    . . .        c - +0 robe
rPois   .            (no helmet)
rElec   .            (no cloak)
rCorr   .            (no gloves)
SInv    .            (no boots)
Will    .....        (no amulet)
Stlth   +++          (no ring)
HPRegen 0.25/turn    (no ring)
MPRegen 0.11/turn

%: no passive effects
@: weak-willed, on berserk cooldown, jinxed, slowed, very slow
A: small, no large weapons, nightstalker 3
a: no special abilities


You were on level 3 of the Dungeon.
You visited 1 branch of the dungeon, and saw 3 of its levels.

You collected 122 gold pieces.

Inventory:

Hand Weapons
 a - a +1 sling (weapon)
Armour
 c - a +0 robe (worn)
Jewellery
 f - an amulet of magic regeneration
Scrolls
 b - a scroll of poison
 d - 2 scrolls of fog {unknown}
 e - 2 scrolls of identify {unknown}
 g - 2 scrolls of noise {unknown}
 h - 2 scrolls of teleportation {unknown}


   Skills:
 + Level 1.8 Fighting
 * Level 3.6 Ranged Weapons
 + Level 3.0 Dodging
 + Level 1.2 Stealth
 * Level 2.0 Spellcasting
 * Level 3.5 Hexes
 + Level 1.7 Fire Magic


You had 6 spell levels left.
You knew the following spells:

 Your Spells              Type           Power      Damage    Failure   Level
a - Jinxbite              Hex            24%        N/A       8%          2

Your spell library contained the following spells:

 Spells                   Type           Power      Damage    Failure   Level
 Sigil of Binding         Hex            12%        N/A       14%         3
 Inner Flame              Hex/Fire       10%        N/A       21%         3
 Mercury Vapours          Alch/Air       2%         N/A       30%         2
 Cause Fear               Hex            6%         N/A       43%         4
 Mephitic Cloud           Conj/Alch/Air  1%         N/A       52%         3
 Dimensional Bullseye     Hex/Tloc       3%         N/A       69%         4
 Freezing Cloud           Conj/Ice/Air   0%         6-21      99%         5


Dungeon Overview and Level Annotations

Branches:
Dungeon (3/15)

Altars:


Innate Abilities, Weirdness & Mutations

You are small and have problems with some larger weapons.
You are completely attuned to the shadows.


Message History

The orc is lightly wounded.
The orc closely misses you.
You clumsily bash the orc.
The orc is severely wounded.
The orc closely misses you.
You hit the orc!
You kill the orc!
You clumsily bash the orc.
The orc is moderately wounded.
You are no longer berserk.
You are exhausted.
You feel yourself slow down. The orc hits you with a +0 hand axe.
* * * LOW HITPOINT WARNING * * *
You shoot a sling bullet.
The sling bullet hits the orc but does no damage.
The orc is moderately wounded.
The orc hits you with a +0 hand axe.
* * * LOW HITPOINT WARNING * * *
The orc misses you.
You shoot a sling bullet.
The sling bullet hits the orc but does no damage.
The orc is moderately wounded.
The orc closely misses you.
Casting: Jinxbite (safe; 8% risk of failure)
Confirm with . or Enter, or press ? or * to list all spells.
You beckon some vexing sprites to accompany your attacks.
You feel your willpower being sapped. The orc hits you with a +0 hand axe.
* * * LOW HITPOINT WARNING * * *
The orc hits you but does no damage.
You shoot a sling bullet. The sling bullet barely misses the orc.
The sling bullet hits the orc!
You kill the orc!
A giggling sprite leaps out and bonks the orc with its +0 hand axe.
The orc is heavily wounded.
An orc priest comes into view. It is wielding a +0 hand axe.
The orc closely misses you. x2
The orc priest invokes the aid of Beogh against you.
Beogh smites you!
Ouch! That really hurt!
You die...

#.#
#.####
####.#...
....)o...
#o# #@#
#.# #.#
#.#####
#.<....
#######


You could see an orc priest and an orc (very drained).

Vanquished Creatures
  Terence (D:3)
  3 adders (D:2)
  A dart slug (D:1)
  3 orcs (D:3)
  5 ball pythons
  4 bats
  An endoplasm (D:2)
  2 giant cockroaches (D:2)
  4 goblins
  2 hobgoblins
  4 jackals (D:2)
  4 quokkas
  4 frilled lizards
  4 kobolds
  7 rats
49 creatures vanquished.

Notes
Turn   | Place    | Note
-------+----------+-------------------------------------------
     0 | D:1      | mightbedylan the Kobold Hexslinger began the quest for the
                  | Orb.
     0 | D:1      | Reached XP level 1. HP: 12/12 MP: 2/2
   139 | D:1      | Reached XP level 2. HP: 16/16 MP: 3/3
   376 | D:1      | Learned a level 2 spell: Jinxbite
   676 | D:1      | Reached XP level 3. HP: 20/20 MP: 5/5
  1627 | D:2      | Reached XP level 4. HP: 25/25 MP: 3/6
  1868 | D:2      | Reached skill level 1 in Stealth
  2124 | D:3      | Noticed Terence
  2139 | D:3      | Killed Terence
  2140 | D:3      | Reached XP level 5. HP: 10/30 MP: 5/8
  2150 | D:3      | Killed from afar by an orc priest

Illustrated notes

Levels and vault maps discovered:
D:1:      roderic_crossed_star, layout_basic
D:2:      layout_loops_ring, serial_forest, infiniplex_forest_corner_1,
          infiniplex_forest_corner_1, infiniplex_forest_lined_room_3,
          infiniplex_forest_clump_small, infiniplex_forest_clump_curved,
          infiniplex_forest_zigzag_2, infiniplex_forest_lined_2,
          minmay_misc_feat_rows
D:3:      layout_loops_ring, lemuel_tele_altar,
          shapermc_ecumenical_altar_mp_urbaneastern, serial_bayou,
          serial_bayou_shore_a, serial_bayou_pond_a, serial_bayou_pond_c,
          serial_bayou_pond_a, serial_shops, nicolae_shop_crystal,
          nicolae_half_adder, uniq_robin, uniq_natasha, uniq_terence

Skill      XL: |  1  2  3  4 |
---------------+-------------+-----
Ranged Weapons | 3 |  3.6
Stealth        | 1 |  1.2
Dodging        | 3 |  3.0
Spellcasting   | 2 |  2.0
Fighting       | |  1.8
Hexes          | |  3.5
Fire Magic     | |  1.7

Action                     |  1- 3 |  4- 6 || total
---------------------------+-------+-------++-------
  Melee: Sling             |       |     8 ||     8
   Fire: Sling             |    88 |    37 ||   125
   Cast: Jinxbite          |     9 |     3 ||    12
    Use: Potion            |     2 |     1 ||     3
 Armour: Robe              |    21 |    16 ||    37
  Dodge: Dodged            |    34 |    23 ||    57

Table legend: (Time is in decaauts)
 A = Elapsed time spent in this place.
 B = Non-inter-level travel time spent in this place.
 C = Inter-level travel time spent in this place.
 D = Time resting spent in this place.
 E = Time spent auto-exploring this place.
 F = Levels seen in this place.
 G = Mean time per level.
                   A        B        C        D        E       F      G
               +--------+--------+--------+--------+--------+-----+--------+
         Total |   2181 |   2158 |     23 |      7 |   1841 |   3 |  727.0 |
       Dungeon |   2181 |   2158 |     23 |      7 |   1841 |   3 |  727.0 |
               +--------+--------+--------+--------+--------+-----+--------+

Top non-repeatable levels by time:
     D:1: 1073 daAuts
     D:2: 1072 daAuts
     D:3: 35 daAuts
